 Dungeon Crawl Stone Soup version 0.26.0-10-g1f06aea511 (webtiles) character file.

Game seed: 5240783563736722642

126 TrebMcFLY the Ruffian (level 5, 0/36 HPs)
             Began as an Octopode Fighter on Jan 17, 2021.
             Succumbed to a worker ant's poison
             ... on level 3 of the Dungeon.
             The game lasted 00:05:39 (2353 turns).

TrebMcFLY the Ruffian (Octopode Fighter)            Turns: 2353, Time: 00:05:40

Health: 0/36       AC:  1    Str: 18    XL:     5   Next: 10%
Magic:  5/5        EV: 11    Int: 11    God:
Gold:   106        SH:  9    Dex: 11    Spells: 4/4 levels left

rFire    . . .     SeeInvis .     - Unarmed
rCold    . . .     Faith    .   a - +0 kite shield
rNeg     . . .     Spirit   .   (helmet restricted)
rPois    .         Reflect  .   c - amulet of magic regeneration
rElec    .         Harm     .   (no ring)
rCorr    .         Rampage  .   (no ring)
Will     .....                  (no ring)
Stlth    +++.......             (no ring)
HPRegen  0.12/turn              (no ring)
MPRegen  0.34/turn              (no ring)
                                (no ring)
                                (no ring)

@: lethally poisoned (0 -> -5)
A: almost no armour, stealthy swim, amphibious, 8 rings, constrict 8, camouflage
1, blurry vision 1, deterioration 1, strong 1, wild magic 1, gelatinous body 1
a: no special abilities


You were on level 3 of the Dungeon.
You visited 1 branch of the dungeon, and saw 3 of its levels.

You collected 106 gold pieces.

Inventory:

Missiles
 d - 3 boomerangs (quivered)
Armour
 a - a +0 kite shield (worn)
Jewellery
 c - an amulet of magic regeneration (around mantle)
Scrolls
 f - 2 scrolls of remove curse {unknown}
 g - 2 scrolls of identify
 j - 2 scrolls of enchant weapon
 k - a scroll of noise {unknown}
 l - 2 scrolls of blinking {unknown}
Potions
 b - a potion of might


   Skills:
 - Level 3.0 Fighting
 - Level 3.0 Dodging
 + Level 3.6 Stealth
 - Level 3.0 Shields
 * Level 4.3 Unarmed Combat


You had 4 spell levels left.
You didn't know any spells.
Your spell library was empty.

Dungeon Overview and Level Annotations

Branches:
Dungeon (3/15)

Altars:

Annotations:
D:3 2 transporters, funkygono's ghost, amateur DrCj


Innate Abilities, Weirdness & Mutations

You cannot wear most types of armour.
You are very stealthy in the water. (Stealth+)
You are amphibious.
You can wear up to eight rings at the same time.
You can use your tentacles to constrict eight enemies at once.
Your skin changes colour to match your surroundings (Stealth+).
Your rubbery body absorbs attacks. (AC +1, EV +1)
Scrolls take you a little longer to read.
Your body sometimes deteriorates upon taking damage.
Your muscles are strong. (Str +2)
Your spells are a little harder to cast, but a little more powerful.


Message History

It is a scroll of amnesia.
You feel forgetful for a moment.
* * * LOW HITPOINT WARNING * * *
You feel sick.
You begin reading the scroll.
You continue reading the scroll.
* * * LOW HITPOINT WARNING * * *
You feel sick.
As you read the scroll labelled KEOGOR TAJUFEX, it crumbles to dust.
It is a scroll of identify.
j - 2 scrolls of enchant weapon You begin reading the scroll.
You continue reading the scroll.
* * * LOW HITPOINT WARNING * * *
You feel sick.
As you read the scroll labelled MEAKYG ERUS, it crumbles to dust.
You feel aware of your surroundings.
It was a scroll of magic mapping.
* * * LOW HITPOINT WARNING * * *
You feel sick.
* * * LOW HITPOINT WARNING * * *
You feel sick.
You die...

*,#P...#.# ##'## #...###
*♣#..(..## #.# ##.##
♣.......♣ #†# #.# ♣≈..§...♣
##.## #.# ♣.......♣#####...##
#.#
*♣......P♣#........#******#.#
#PP#÷.÷P.♣#.......##,,,,,,..*
###.###P#♣#.#.##..#*,#*******
#P....PPP#.#.##@.##.#
♣.P...#PP#.#........#
♣♣.#.#P**#.####..#### #♣P#P♣♣
#.......# *,♣*#,* ######.##
*** *** #.#********
#.#,,,,,,,****** ********
***#.#,****,,,,,,,* *,,,,,,*
#...†.....#,,****,*


There were no monsters in sight!

Vanquished Creatures
  A worker ant (D:3)
  4 adders
  An ooze (D:2)
  An adder zombie (D:3)
  A worm (D:2)
  A dart slug (D:2)
  4 leopard geckos
  A ball python (D:2)
  A giant cockroach (D:1)
  8 goblins
  6 hobgoblins
  9 kobolds
  2 quokkas (D:2)
  3 bats
  5 frilled lizards
  6 rats
54 creatures vanquished.

Vanquished Creatures (others)
  9 plants (D:3)
9 creatures vanquished.

Grand Total: 63 creatures vanquished

Notes
Turn   | Place    | Note
-------+----------+-------------------------------------------
     0 | D:1      | TrebMcFLY the Octopode Fighter began the quest for the Orb.
     0 | D:1      | Reached XP level 1. HP: 16/16 MP: 1/1
   139 | D:1      | Reached skill level 1 in Stealth
   247 | D:1      | Reached XP level 2. HP: 18/21 MP: 2/2
   827 | D:2      | Reached skill level 3 in Unarmed Combat
   827 | D:2      | Reached XP level 3. HP: 19/26 MP: 3/3
  1435 | D:2      | Reached XP level 4. HP: 31/31 MP: 4/4
  1747 | D:3      | Noticed an ogre
  1810 | D:3      | Found a transporter.
  1810 | D:3      | Noticed funkygono's ghost (amateur DrCj)
  1820 | D:3      | Found a transporter.
  1835 | D:3      | Noticed a necrophage
  2127 | D:3      | Reached skill level 4 in Unarmed Combat
  2340 | D:3      | Reached XP level 5. HP: 7/36 MP: 5/5
  2341 | D:3      | Gained mutation: Your spells are a little harder to cast,
                  | but a little more powerful. [potion of mutation]
  2341 | D:3      | Gained mutation: Scrolls take you a little longer to read.
                  | [potion of mutation]
  2341 | D:3      | Gained mutation: Your body sometimes deteriorates upon
                  | taking damage. [potion of mutation]
  2341 | D:3      | Gained mutation: Your muscles are strong. (Str +2) [potion
                  | of mutation]
  2349 | D:3      | HP: 1/36 [poisoned by a worker ant]
  2353 | D:3      | Succumbed to a worker ant's poison

Illustrated notes

Levels and vault maps discovered:
D:1:      amcnicky_arrival_choice, layout_basic, nrook_mini_vaults
D:2:      layout_loops_ring
D:3:      layout_loops_corners, gammafunk_ghost_mausoleum,
          lexackson_kobold_supper, uniq_sigmund, uniq_robin

Skill      XL: |  1  2  3  4 |
---------------+-------------+-----
Stealth        | 1 2 3 |  3.6
Unarmed Combat | 3 4 |  4.3
Fighting       | |  3.0
Dodging        | |  3.0
Shields        | |  3.0

Action                   |  1- 3 |  4- 6 || total
-------------------------+-------+-------++-------
Melee: Unarmed           |    69 |    63 ||   132
       Constrict         |    21 |    15 ||    36
       Tentacles         |    11 |     7 ||    18
       Punch             |     3 |       ||     3
Throw: Boomerang         |     3 |     2 ||     5
  Use: Scroll            |       |     3 ||     3
       Potion            |       |     1 ||     1
 Stab: Sleeping          |     6 |     5 ||    11
Armor: Skin              |     7 |     3 ||    10
Dodge: Dodged            |    24 |    28 ||    52
Block: Kite shield       |    23 |    22 ||    45
